 Dungeon Crawl Stone Soup version 0.26-a0-1184-g95e395e029 (webtiles) character file.

Game seed: 12352899340936064204

410754 pkoi the Slayer (level 22, -31/214 HPs)
             Began as a Minotaur Monk on Dec 23, 2020.
             Was the Champion of Nemelex Xobeh.
             Killed by the air
             ... invoked by a titan
              (33 damage)
             ... on level 4 of the Vaults on Dec 28, 2020.
             The game lasted 02:00:28 (63175 turns).

pkoi the Slayer (Minotaur Monk)                    Turns: 63175, Time: 02:00:31

Health: -31/214    AC: 24    Str: 31    XL:     22   Next: 46%
Magic:  34/34      EV: 26    Int:  9    God:    Nemelex Xobeh [******]
Gold:   2065       SH: 25    Dex: 23    Spells: 21/21 levels left

rFire    + + +     SeeInvis .     - Unarmed
rCold    + + +     Faith    .   X - +2 shield of Resistance {rF++ rC++ Will++}
rNeg     . . .     Spirit   .   I - +5 ring mail "Arghenirott" {Dex+4 Slay+2}
rPois    .         Reflect  +   B - +2 hat {Int+3}
rElec    .         Harm     .   H - +0 cloak
rCorr    .         Rampage  .   V - +1 pair of gloves "Buataope" {rF+ rC+}
Will     +++..                  O - +2 pair of boots of Daffodils {rF+}
Stlth    ++........             F - amulet of reflection
HPRegen  0.45/turn              z - +6 ring of dexterity
MPRegen  0.24/turn              v - +6 ring of strength

@: no status effects
A: retaliatory headbutt, horns 2, dopey 1
}: 2/15 runes: barnacled, gossamer
a: Renounce Religion, Draw Escape, Draw Destruction, Draw Summoning, Triple
Draw, Deal Four, Stack Five


You were on level 4 of the Vaults.
You worshipped Nemelex Xobeh.
Nemelex Xobeh was exalted by your worship.
You visited 8 branches of the dungeon, and saw 40 of its levels.
You also visited: Ossuary, Bailey and Ice Cave.

You collected 6328 gold pieces.
You spent 4263 gold pieces at shops.

Inventory:

Missiles
 e - 89 poisoned darts (quivered)
 Q - 17 curare-tipped darts
Armour
 B - a +2 hat of intelligence (worn)
 H - a +0 cloak (worn)
 I - the +5 ring mail "Arghenirott" (worn) {Dex+4 Slay+2}
   (You found it on level 4 of the Spider Nest)

   It affects your dexterity (+4).
   It affects your accuracy and damage with ranged weapons and melee attacks
   (+2).
 O - the +2 pair of boots of Daffodils (worn) {rF+}
   (You found it on level 2 of the Lair of Beasts)

   It protects you from fire.
 V - the +1 pair of gloves "Buataope" (worn) {rF+ rC+}
   (You found it on level 2 of the Elven Halls)

   It protects you from fire.
   It protects you from cold.
 X - the +2 shield of Resistance (worn) {rF++ rC++ Will++}
   (You took it off a deep elf demonologist on level 3 of the Elven Halls)

   It greatly protects you from fire.
   It greatly protects you from cold.
   It affects your willpower, your defense against some magical effects.
Jewellery
 f - an uncursed ring of flight
 v - a +6 ring of strength (right hand)
 z - a +6 ring of dexterity (left hand)
 E - an uncursed amulet of regeneration
 F - an amulet of reflection (around neck)
Wands
 a - a wand of disintegration (59)
 r - a wand of enslavement (22)
 u - a wand of flame (69)
 x - a wand of polymorph (29)
 y - a wand of acid (41)
 A - a wand of digging (22)
 D - a wand of iceblast (55)
 M - a wand of paralysis (22)
Scrolls
 c - 34 scrolls of identify
 d - 7 scrolls of blinking
 g - a scroll of brand weapon
 i - 7 scrolls of fog
 m - 6 scrolls of enchant armour
 n - 24 scrolls of remove curse
 p - 8 scrolls of enchant weapon
 q - 9 scrolls of amnesia
 t - 23 scrolls of teleportation
 w - a scroll of immolation
 P - 3 scrolls of summoning
 R - a scroll of silence
 S - 3 scrolls of fear
 T - 5 scrolls of magic mapping
Potions
 b - 7 potions of might
 h - 19 potions of heal wounds
 k - 12 potions of haste
 l - 5 potions of ambrosia
 o - 5 potions of flight
 s - 16 potions of brilliance
 C - 9 potions of curing
 J - 3 potions of invisibility
 L - a potion of resistance
 N - 5 potions of cancellation
 W - a potion of magic


   Skills:
 + Level 21.7 Fighting
 + Level 18.0 Armour
 - Level 16.0 Dodging
 - Level 1.5 Stealth
 + Level 20.4 Shields
 + Level 20.7 Unarmed Combat
 + Level 19.0 Invocations


You had 21 spell levels left.
You didn't know any spells.
Your spell library contained the following spells:

 Spells                   Type           Power        Failure   Level
 Apportation              Tloc           0%           45%         1
 Beastly Appendage        Tmut           0%           45%         1
 Foxfire                  Conj/Fire      0%           45%         1
 Freeze                   Ice            0%           45%         1
 Magic Dart               Conj           0%           45%         1
 Pain                     Necr           0%           45%         1
 Shock                    Conj/Air       0%           45%         1
 Sting                    Tmut/Pois      0%           45%         1
 Summon Small Mammal      Summ           0%           45%         1
 Blink                    Tloc           N/A          58%         2
 Call Imp                 Summ           0%           58%         2
 Corpse Rot               Necr/Air       N/A          58%         2
 Passwall                 Tmut/Erth      0%           58%         2
 Poisonous Vapours        Pois/Air       0%           58%         2
 Slow                     Hex            0%           58%         2
 Sublimation of Blood     Necr           0%           58%         2
 Swiftness                Air            0%           58%         2
 Wereblood                Tmut           0%           58%         2
 Conjure Flame            Conj/Fire      0%           83%         3
 Frozen Ramparts          Ice            0%           83%         3
 Ignite Poison            Fire/Tmut/Pois 0%           83%         3
 Lesser Beckoning         Tloc           0%           83%         3
 Mephitic Cloud           Conj/Pois/Air  0%           83%         3
 Spider Form              Tmut/Pois      0%           83%         3
 Static Discharge         Conj/Air       0%           83%         3
 Stone Arrow              Conj/Erth      0%           83%         3
 Summon Guardian Golem    Hex/Summ       0%           83%         3
 Tukima's Dance           Hex            0%           83%         3
 Airstrike                Air            0%           99%         4
 Animate Dead             Necr           0%           99%         4
 Cause Fear               Hex            0%           99%         4
 Dispel Undead            Necr           0%           99%         4
 Ice Form                 Ice/Tmut       0%           99%         4
 Iskenderun's Mystic Bla  Conj/Tloc      0%           99%         4
 Leda's Liquefaction      Hex/Erth       0%           99%         4
 Olgreb's Toxic Radiance  Pois           0%           99%         4
 Passage of Golubria      Tloc           N/A          99%         4
 Petrify                  Tmut/Erth      0%           99%         4
 Summon Ice Beast         Ice/Summ       0%           99%         4
 Summon Lightning Spire   Summ/Air       0%           99%         4
 Agony                    Necr           0%           100%        5
 Alistair's Intoxication  Tmut/Pois      0%           100%        5
 Blade Hands              Tmut           0%           100%        5
 Borgnjor's Vile Clutch   Necr/Erth      0%           100%        5
 Excruciating Wounds      Necr           0%           100%        5
 Iskenderun's Battlesphe  Conj           0%           100%        5
 Lee's Rapid Deconstruct  Erth           0%           100%        5
 Lightning Bolt           Conj/Air       0%           100%        5
 Metabolic Englaciation   Hex/Ice        0%           100%        5
 Silence                  Hex/Air        0%           100%        5
 Summon Demon             Summ           0%           100%        5
 Summon Forest            Summ/Tloc      0%           100%        5
 Summon Mana Viper        Hex/Summ       0%           100%        5
 Yara's Violent Unravell  Hex/Tmut       0%           100%        5
 Death Channel            Necr           0%           100%        6
 Eringya's Noxious Bog    Tmut/Pois      0%           100%        6
 Freezing Cloud           Conj/Ice/Air   0%           100%        6
 Hydra Form               Tmut           0%           100%        6
 Invisibility             Hex            0%           100%        6
 Ozocubu's Refrigeration  Ice            0%           100%        6
 Shadow Creatures         Summ           N/A          100%        6
 Simulacrum               Ice/Necr       0%           100%        6
 Dragon Form              Tmut           0%           100%        7
 Malign Gateway           Summ/Tloc      0%           100%        7
 Monstrous Menagerie      Summ           0%           100%        7
 Summon Greater Demon     Summ           0%           100%        7
 Summon Hydra             Summ           0%           100%        7
 Discord                  Hex            0%           100%        8
 Summon Horrible Things   Summ           0%           100%        8
 Dragon's Call            Summ           0%           100%        9


Dungeon Overview and Level Annotations

Branches:
Dungeon (15/15)            Temple (1/1) D:5            Lair (6/6) D:11
 Shoals (4/4) Lair:4       Spider (4/4) Lair:2        Slime (0/5) Lair:5
    Orc (2/2) D:12            Elf (3/3) Orc:2        Vaults (5/5) D:14
  Crypt (0/3) Vaults:2     Depths (0/5) D:15        Ossuary (visited)
 Bailey (visited)           IceCv (visited)

Altars:
Ashenzari
Cheibriados
Dithmenos
Elyvilon
Fedhas
Gozag
Hepliaklqana
Kikubaaqudgha
Makhleb
Nemelex Xobeh
Okawaru
Qazlal
Ru
Sif Muna
Trog
Uskayaw
Vehumet
Wu Jian
Xom
Yredelemnul
Zin
The Shining One
Beogh

Shops:
D:5 (   D:6 ?   D:7 [   D:13 [((:   D:15 !   Orc:1 [   Orc:2 [}?}   Elf:1 }((*
Vaults:1 (}(*?   Vaults:2 [

Portals:
Trove: D:12 (give 17 scrolls of teleportation)

Annotations:
D:13 1 runed translucent door, Huckig's ghost, journeyman MiFi


Innate Abilities, Weirdness & Mutations

You reflexively headbutt those who attack you in melee.
You have a pair of horns on your head.
You are dopey. (Int -2)


Message History

The bolt of cold hits you! You resist.
* * * LOW HITPOINT WARNING * * *
You block the titan's attack. A mysterious force pulls you upwards.
The hatch slams shut behind you.
Unknown command.
Unknown command.
Unknown command.
You draw a card...
You have drawn the Cloud.
Clouds appear around you! The storm dragon misses you.
You block the storm dragon's attack. x2
The titan hits you.
* * * LOW HITPOINT WARNING * * *
The storm dragon completely misses you. The storm dragon misses you.
You block the storm dragon's attack.
Blink to where?
Press: ? - help, Dir - move target
As you read the scroll of blinking, it crumbles to dust.
The titan waves its arms in wide circles.
The air twists around and strikes you!!
You die...
Your body glows slightly and disappears.

#.....§§§#..........
#########.....§D§+..........
#.......+......§C#..........
#.......#......§§#..........
######.......+.......§#..........
.....#......)+........#..........
####.#......)#[.......###########
)# #.#....)..#........# .#
#.#.......###@#########
.###.#.......+...........#
.#...###'#####...........#
.#.###.......#..###.###..#
##.#.'.......#..#.....#..#
...#.#.......#..#.#.#.#..#
####.#.......'.....#.....#
.....#.......#<.#.#.#.#..#
######.......#..#.....#..#


You could see a titan (soul bound, empowered) and a storm dragon (soul bound).

Vanquished Creatures
  Saint Roka (Vaults:2)
  Arachne (Spider:3)
  Jorgrun (Spider:1)
  A lich (Vaults:4)
  2 deep elf blademasters (Elf:3)
  Polyphemus (Shoals:4)
  Asterion (Vaults:1)
  2 deep elf master archers (Elf:3)
  A kraken (Shoals:3)
  4 sphinxes
  Gastronok (Orc:1)
  A storm dragon (Vaults:5)
  Roxanne (Spider:2)
  2 shadow dragons
  A tengu reaver (D:14)
  Ilsuiw (Shoals:3)
  A fire giant (Vaults:4)
  15 vault wardens
  8 ghost moths
  4 deep elf sorcerers
  3 deep elf elementalists (Elf:3)
  3 emperor scorpions
  A war gargoyle (Vaults:4)
  7 very ugly things
  12 ironheart preservers
  2 stone giants
  A vampire knight (Vaults:2)
  6 deep elf demonologists
  2 dire elephants
  A bunyip (Vaults:4)
  Azrael (Spider:1)
  5 entropy weavers
  3 spark wasps (Spider:4)
  5 deep elf annihilators
  An eidolon (Vaults:2)
  5 deep elf death magi
  7 merfolk javelineers
  3 fire dragons
  7 ettins
  5 merfolk impalers
  11 ogre magi
  8 yaktaur captains
  4 great orbs of eyes
  4 deep elf high priests
  18 vault guards
  7 centaur warriors
  8 hydras
  5 ice dragons
  6 boulder beetles
  2 rakshasas
  3 merfolk aquamancers
  3 merfolk avatars (Shoals:4)
  Erica (Lair:1)
  4 catoblepae
  25 two-headed ogres
  30 dancing weapons
  4 satyrs (Vaults:4)
  3 death yaks
  2 alligator snapping turtles
  3 deep troll shamans
  A death knight (Vaults:4)
  A queen ant (Vaults:4)
  A shock serpent (shapeshifter) (D:14)
  A tengu warrior (D:14)
  A deep troll earth mage (D:14)
  An orc high priest (Elf:1)
  28 deep elf knights
  Sonja (Lair:4)
  A large abomination (Elf:3)
  A goliath frog (Vaults:4)
  3 skeletal warriors (D:13)
  2 unseen horrors (D:15)
  3 shadow wraiths
  A flayed ghost (Vaults:4)
  A death drake (Vaults:4)
  10 sea snakes
  2 glowing orange brains
  10 deep elf archers
  11 ironbrand convokers
  6 deep trolls
  2 wizards
  A lindwurm (Elf:2)
  A necromancer (D:15)
  16 harpies
  18 orc knights
  72 deep elf magi
  22 orb spiders
  3 moths of wrath
  24 ugly things
  13 orc sorcerers
  2 oklob plants (Shoals:4)
  29 wolf spiders
  8 fauns
  A moth of wrath (shapeshifter) (D:14)
  11 cyclopes
  12 manticores
  9 elephants
  A guardian serpent (Vaults:4)
  Joseph (D:10)
  13 merfolk sirens
  14 vault sentinels
  5 water nymphs
  5 ice statues (IceCv)
  10 black mambas
  An eye of devastation (Vaults:4)
  A molten gargoyle (Lair:6)
  19 cane toads
  2 torpor snails
  7 centaur skeletons
  2 komodo dragons (shapeshifter)
  A rime drake (shapeshifter) (Vaults:1)
  An efreet (D:14)
  6 freezing wraiths
  10 komodo dragons
  3 kobold demonologists (D:14)
  53 yaktaurs
  A yaktaur (shapeshifter) (Elf:3)
  11 demonic crawlers
  3 rime drakes
  A human skeleton (Vaults:5)
  12 merfolk
  51 jumping spiders
  A wandering mushroom (Lair:6)
  3 anaconda simulacra (IceCv)
  13 trolls
  6 wind drakes
  10 hornets
  A wolf spider simulacrum (D:15)
  A hornet (shapeshifter) (D:14)
  A queen bee (D:9)
  A jumping spider (shapeshifter) (Vaults:4)
  9 polar bears
  A raiju (shapeshifter) (Elf:1)
  10 snapping turtles
  A blink frog (shapeshifter) (Vaults:4)
  16 blink frogs
  29 slime creatures
  4 dream sheep
  A vampire (D:14)
  2 spriggans
  A flying skull (Vaults:2)
  A meliai zombie (D:9)
  55 redbacks
  5 air elementals
  A shadow (D:14)
  10 wraiths
  42 tarantellas
  16 wyverns
  11 water elementals
  A redback (shapeshifter) (Elf:3)
  3 fire elementals (Lair:2)
  3 hogs
  39 yaks
  2 basilisks
  2 steam dragons
  4 vampire mosquitoes
  Menkaure (D:7)
  A swamp worm (Lair:2)
  9 wargs
  2 harpy simulacra (IceCv)
  2 acid dragons
  A soldier ant (Vaults:4)
  A soldier ant (shapeshifter) (D:15)
  An iron troll simulacrum (IceCv)
  8 water moccasins
  A hydra simulacrum (IceCv)
  6 hell hounds
  3 sky beasts
  4 phantoms
  12 black bears
  A hornet zombie (D:11)
  13 ice beasts
  47 orc warriors
  2 ettin simulacra (IceCv)
  A necrophage (D:12)
  3 eyes of draining
  4 boggarts (Vaults:2)
  19 ogres
  12 wolves
  A centaur (shapeshifter) (Elf:2)
  33 centaurs
  5 big kobolds
  A wyvern zombie (D:14)
  22 bullfrogs
  4 earth elementals
  A wyvern skeleton (D:13)
  20 scorpions
  A water moccasin skeleton (D:9)
  11 wights
  18 killer bees
  5 electric eels
  3 howler monkeys (D:8)
  3 bullfrog zombies
  5 lava snakes (Lair:6)
  3 centaur zombies
  3 human zombies
  9 jellies
  6 hounds
  39 orc wizards
  4 gnoll shamans (D:11)
  23 orc priests
  A bullfrog skeleton (D:7)
  3 iguanas
  8 worker ants
  4 big kobold zombies (Ossuary)
  A bullfrog simulacrum (D:9)
  A hound zombie (D:7)
  2 hound skeletons
  3 mummies (Ossuary)
  3 gnolls (D:3)
  8 adders
  A howler monkey skeleton (D:5)
  4 white imps
  A worker ant simulacrum (D:9)
  3 ufetubi
  An ooze (D:3)
  2 adder zombies
  6 worms
  2 dart slugs
  5 leopard geckos
  113 orcs
  A ball python (D:2)
  7 giant cockroaches
  7 goblins
  6 hobgoblins
  7 jackals
  2 quokkas
  9 bats
  5 frilled lizards
  A gnoll zombie (Ossuary)
  4 goblin zombies (Ossuary)
  3 hobgoblin zombies (Ossuary)
  36 kobolds
  A kobold zombie (Ossuary)
  A quokka simulacrum (D:9)
  A quokka skeleton (D:7)
  4 rats
  4 crawling corpses
  3 tentacles (Shoals:3)
1799 creatures vanquished.

Vanquished Creatures (collateral kills)
  Mara (Vaults:4)
  Rupert (Orc:2)
  A storm dragon (Shoals:3)
  A fire giant (D:14)
  A ghost moth (Spider:4)
  A spark wasp (Spider:4)
  2 merfolk javelineers
  A deep elf death mage (Elf:3)
  Josephine (D:10)
  A fire dragon (D:14)
  A merfolk impaler (Shoals:4)
  A boulder beetle (D:11)
  A hydra (Lair:1)
  The ghost of Pooter the Blocker, a journeyman GnFi of Okawaru (D:10)
  2 death yaks (Shoals:4)
  2 two-headed ogres (D:11)
  A sea snake (Shoals:4)
  A lindwurm (Lair:6)
  A deep elf mage (D:15)
  2 ugly things (Shoals:3)
  3 manticores
  2 cyclopes
  2 merfolk sirens
  Maggie (D:10)
  2 water nymphs
  A molten gargoyle (Lair:6)
  An elephant (Lair:3)
  A komodo dragon (Lair:6)
  A rime drake (Lair:6)
  4 merfolk (Shoals:4)
  A hornet (Spider:4)
  A polar bear (shapeshifter) (D:14)
  5 dream sheep (Lair:6)
  A snapping turtle (Shoals:1)
  Sigmund (D:4)
  2 spriggans (D:10)
  3 wraiths (D:10)
  7 yaks
  A wyvern (Lair:6)
  3 redbacks (Spider:1)
  2 hogs (D:11)
  A basilisk (Lair:3)
  A warg (Orc:2)
  A water moccasin (Lair:1)
  A big kobold (D:10)
  A scorpion (D:5)
  A killer bee (D:11)
  2 orc priests
  4 orc wizards
  A worker ant zombie (D:10)
  5 orcs
  A giant cockroach (D:4)
  2 jackals (D:5)
  3 kobolds (D:10)
93 creatures vanquished.

Vanquished Creatures (others)
  A deep elf annihilator (Elf:3)
  An orc high priest (D:14)
  A deep elf knight (Elf:2)
  2 unseen horrors
  A phantasmal warrior (Vaults:5)
  A necromancer (Vaults:5)
  A deep elf mage (Vaults:1)
  A manticore (Shoals:4)
  A tarantella (Spider:4)
  A hell hound (Lair:6)
  An ice beast (D:14)
  An iguana (D:13)
  2 crawling corpses (Vaults:5)
  30 fungi
  130 plants
  4 tentacles (Shoals:3)
179 creatures vanquished.

Grand Total: 2071 creatures vanquished

Notes
Turn   | Place    | Note
-------+----------+-------------------------------------------
     0 | D:1      | pkoi the Minotaur Monk began the quest for the Orb.
     0 | D:1      | Reached XP level 1. HP: 19/19 MP: 0/0
   190 | D:1      | Reached XP level 2. HP: 22/26 MP: 1/1
   270 | D:1      | Found a sparkling altar of Nemelex Xobeh.
   302 | D:1      | Became a worshipper of Nemelex Xobeh the Trickster
   302 | D:1      | Reached * piety under Nemelex Xobeh
   302 | D:1      | Received a gift from Nemelex Xobeh
   302 | D:1      | Reached ** piety under Nemelex Xobeh
   571 | D:1      | Received a gift from Nemelex Xobeh
  1004 | D:2      | Reached skill level 1 in Invocations
  1005 | D:2      | Reached XP level 3. HP: 25/31 MP: 2/2
  1685 | D:2      | Noticed Terence
  1691 | D:2      | Noticed a killer bee
  1691 | D:2      | an adder changed into a killer bee
  1691 | D:2      | Noticed Terence
  1691 | D:2      | Terence changed into Terence the hound
  1696 | D:2      | Killed a killer bee
  1697 | D:2      | Reached skill level 5 in Unarmed Combat
  1697 | D:2      | Reached XP level 4. HP: 22/39 MP: 4/4
  1697 | D:2      | Killed Terence the hound
  1975 | D:2      | Reached XP level 5. HP: 45/45 MP: 6/6
  1976 | D:2      | Received a gift from Nemelex Xobeh
  2104 | D:2      | Found an opulent altar of Gozag.
  2178 | D:3      | Reached *** piety under Nemelex Xobeh
  3203 | D:4      | Found a radiant altar of Vehumet.
  3216 | D:4      | Found a shimmering blue altar of Sif Muna.
  3218 | D:4      | Found a basalt altar of Yredelemnul.
  3242 | D:4      | Received a gift from Nemelex Xobeh
  3257 | D:4      | Reached XP level 6. HP: 50/51 MP: 7/7
  3751 | D:4      | Found a bloodstained altar of Trog.
  3824 | D:4      | Reached skill level 1 in Armour
  3824 | D:4      | Reached XP level 7. HP: 46/58 MP: 9/9
  3926 | D:4      | Noticed Sigmund
  3935 | D:4      | Killed Sigmund
  3936 | D:4      | Reached skill level 4 in Fighting
  4262 | D:4      | Found a snail-covered altar of Cheibriados.
  4263 | D:4      | Found an ornate altar of the Wu Jian Council.
  4300 | D:5      | Entered Level 5 of the Dungeon
  4300 | D:5      | Found Mitemn's Weapon Shoppe.
  4300 | D:5      | Found a staircase to the Ecumenical Temple.
  4322 | D:5      | Noticed a wyvern
  4674 | D:5      | Found a sand-covered staircase.
  4681 | Ossuary  | Entered an ossuary
  4695 | Ossuary  | Reached skill level 5 in Invocations
  5100 | Ossuary  | Reached skill level 5 in Fighting
  5103 | Ossuary  | Reached XP level 8. HP: 52/68 MP: 9/11
  6017 | D:5      | Reached skill level 6 in Fighting
  6199 | D:5      | Reached **** piety under Nemelex Xobeh
  6535 | Temple   | Entered the Ecumenical Temple
  6709 | D:6      | Reached skill level 5 in Armour
  6710 | D:6      | Received a gift from Nemelex Xobeh
  6794 | D:6      | Found a sacrificial altar of Ru.
  6841 | D:6      | Received a gift from Nemelex Xobeh
  6866 | D:6      | Found Nusuus's Magic Scroll Shop.
  7212 | D:6      | Reached XP level 9. HP: 78/78 MP: 12/12
  7526 | D:7      | Received a gift from Nemelex Xobeh
  7659 | D:7      | Reached ***** piety under Nemelex Xobeh
  7690 | D:7      | Reached skill level 7 in Fighting
  7798 | D:7      | Found a hazy altar of Hepliaklqana.
  7982 | D:7      | Noticed Menkaure
  7987 | D:7      | Killed Menkaure
  8020 | D:7      | Found Naqeuf's Antique Armour Emporium.
  8028 | D:7      | Bought a runed chain mail for 195 gold pieces
  8194 | D:8      | Received a gift from Nemelex Xobeh
  8598 | D:8      | Reached skill level 8 in Fighting
  8603 | D:8      | Found an iron altar of Okawaru.
  8675 | D:8      | Found a glowing golden altar of the Shining One.
  8872 | D:8      | Received a gift from Nemelex Xobeh
  8988 | D:9      | Found a shimmering altar of Xom.
  9017 | D:9      | Reached XP level 10. HP: 88/88 MP: 14/14
  9267 | D:9      | Reached skill level 5 in Dodging
  9326 | D:9      | Found a sparkling altar of Nemelex Xobeh.
  9326 | D:9      | Found a shadowy altar of Dithmenos.
  9494 | D:9      | Reached skill level 9 in Fighting
  9510 | D:9      | Found a flagged portal.
  9520 | Bailey   | Entered a bailey
  9780 | Bailey   | Reached skill level 10 in Unarmed Combat
  9904 | Bailey   | Found the +10 tower shield of Ignorance {rN+ Int-4}
  9904 | Bailey   | Found an iron altar of Okawaru.
  9911 | Bailey   | Got a transparent falchion
 10073 | D:9      | Reached skill level 1 in Shields
 10365 | D:10     | Entered Level 10 of the Dungeon
 10365 | D:10     | Noticed Nergalle
 10366 | D:10     | Noticed a smoke demon
 10379 | D:10     | Noticed Joseph
 10385 | D:10     | Noticed Josephine
 10734 | D:10     | Received a gift from Nemelex Xobeh
 10753 | D:10     | Noticed Maggie
 10764 | D:10     | Killed Maggie
 10808 | D:10     | Killed Josephine
 10809 | D:10     | Reached XP level 11. HP: 62/97 MP: 16/16
 11031 | D:10     | Killed Joseph
 11521 | D:10     | Found a runed translucent door.
 11522 | D:10     | Identified the +6 spear "Miaxtet" {vorpal, Will+}
 11523 | D:10     | Noticed Pooter's ghost (journeyman GnFi)
 11546 | D:10     | Noticed Nergalle
 11546 | D:10     | Nergalle changed into Nergalle the ettin
 11549 | D:10     | Killed Nergalle the ettin
 11669 | D:10     | Noticed a two-headed ogre
 11672 | D:10     | Killed a two-headed ogre
 11673 | D:10     | Reached skill level 10 in Fighting
 12347 | D:11     | Found a staircase to the Lair.
 12732 | D:11     | Received a gift from Nemelex Xobeh
 12979 | D:11     | Reached skill level 5 in Shields
 13170 | D:11     | Noticed a two-headed ogre
 13473 | D:11     | Noticed a boulder beetle
 13479 | D:11     | Killed a two-headed ogre
 13483 | D:11     | Killed a boulder beetle
 13485 | D:11     | Noticed a two-headed ogre
 13488 | D:11     | Killed a two-headed ogre
 13489 | D:11     | Reached XP level 12. HP: 96/108 MP: 18/18
 13647 | D:11     | Noticed a two-headed ogre
 13657 | D:11     | Killed a two-headed ogre
 13673 | D:11     | Reached skill level 10 in Armour
 14178 | D:11     | Reached ****** piety under Nemelex Xobeh
 14546 | D:11     | Found a sacrificial altar of Ru.
 14619 | D:11     | Identified the Papyrus of Pessimism
 14623 | D:11     | Identified the Incunabulum of Slavery
 14768 | D:11     | Identified a scroll of acquirement
 14768 | D:11     | Acquired a manual of Fighting
 14811 | Lair:1   | Entered Level 1 of the Lair of Beasts
 15026 | Lair:1   | You fall into a shaft and drop 1 floor!
 15026 | Lair:2   | Received a gift from Nemelex Xobeh
 15045 | Lair:2   | Reached skill level 11 in Fighting
 15326 | Lair:1   | Noticed a four-headed hydra
 15341 | Lair:1   | Killed a four-headed hydra
 15342 | Lair:1   | Reached skill level 10 in Invocations
 15457 | Lair:1   | Noticed an ice dragon
 15462 | Lair:1   | Killed an ice dragon
 15921 | Lair:1   | Noticed Erica
 15952 | Lair:1   | Killed Erica
 15953 | Lair:1   | Reached skill level 12 in Fighting
 15968 | Lair:1   | Received a gift from Nemelex Xobeh
 16075 | Lair:1   | Noticed an eight-headed hydra
 16085 | Lair:1   | Killed an eight-headed hydra
 16684 | Lair:2   | Got a pair of pitted boots
 16695 | Lair:2   | Identified the +2 pair of boots of Daffodils {rF+} (You
                  | found it on level 2 of the Lair of Beasts)
 16701 | Lair:2   | Identified the Reference Book on Summoning and
                  | Contamination
 16858 | Lair:2   | Received a gift from Nemelex Xobeh
 16919 | Lair:2   | Found a hole to the Spider Nest.
 16969 | Lair:2   | Noticed a five-headed hydra
 16972 | Lair:2   | Killed a five-headed hydra
 16973 | Lair:2   | Reached XP level 13. HP: 119/119 MP: 19/19
 17465 | Lair:3   | Reached skill level 13 in Fighting
 17980 | Lair:3   | Received a gift from Nemelex Xobeh
 18728 | Lair:4   | Received a gift from Nemelex Xobeh
 18730 | Lair:4   | Reached skill level 14 in Fighting
 18749 | Lair:4   | Found a staircase to the Shoals.
 19166 | Lair:4   | Identified Nalizia's Grimoire of the Mountains and
                  | Displacement
 19209 | Lair:4   | Noticed Sonja
 19211 | Lair:4   | Killed Sonja
 19443 | Lair:4   | Reached skill level 10 in Shields
 19562 | Lair:4   | Noticed a fire dragon
 19562 | Lair:4   | an ice dragon changed into a fire dragon
 19564 | Lair:4   | Killed a ghost moth
 19574 | Lair:4   | Killed a fire dragon
 19575 | Lair:4   | Reached skill level 15 in Fighting
 19877 | Lair:5   | Received a gift from Nemelex Xobeh
 19949 | Lair:5   | Received a gift from Nemelex Xobeh
 19990 | Lair:5   | Reached XP level 14. HP: 135/135 MP: 21/21
 20105 | Lair:5   | Received a gift from Nemelex Xobeh
 20125 | Lair:5   | Found a staircase to the Slime Pits.
 20339 | Lair:5   | Received a gift from Nemelex Xobeh
 20677 | Lair:6   | Entered Level 6 of the Lair of Beasts
 20895 | Lair:6   | Received a gift from Nemelex Xobeh
 21645 | Lair:6   | Reached skill level 16 in Fighting
 22259 | Lair:6   | Received a gift from Nemelex Xobeh
 22453 | Lair:6   | Found a large runed translucent door.
 22454 | Lair:6   | Found a large runed translucent door.
 23812 | D:12     | Received a gift from Nemelex Xobeh
 23902 | D:12     | Found a portal to a secret trove of treasure.
 24084 | D:12     | Found a staircase to the Orcish Mines.
 24296 | D:13     | Received a gift from Nemelex Xobeh
 24305 | D:13     | Reached skill level 17 in Fighting
 24330 | D:13     | Found Ynwutam's Book Shoppe.
 24352 | D:13     | Noticed Kirke
 24402 | D:13     | Noticed Kirke
 24402 | D:13     | Kirke changed into Kirke the catoblepas
 24403 | D:13     | Killed Kirke the catoblepas
 24424 | D:13     | Bought a manual of Dodging for 1656 gold pieces
 24449 | D:13     | Found Tueneneg's Weapon Emporium.
 24551 | D:13     | Found a runed translucent door.
 24554 | D:13     | Noticed a stone giant
 24555 | D:13     | Noticed Huckig's ghost (journeyman MiFi)
 24591 | D:13     | Found Toluacug's Armour Boutique.
 24616 | D:13     | Reached XP level 15. HP: 67/147 MP: 23/23
 24891 | D:13     | Found Roecsie's Antique Weapon Shoppe.
 25299 | D:14     | Received a gift from Nemelex Xobeh
 25449 | D:14     | Noticed a shadow dragon
 25463 | D:14     | Killed a shadow dragon
 25464 | D:14     | Reached skill level 10 in Dodging
 25849 | D:10     | Killed Pooter's ghost
 26024 | Orc:1    | Entered Level 1 of the Orcish Mines
 26083 | Orc:1    | Found Dyuvowown's Armour Shop.
 26124 | Orc:1    | Bought a +0 hat of willpower for 143 gold pieces
 26143 | Orc:1    | Noticed Gastronok
 26154 | Orc:1    | Killed Gastronok
 26161 | Orc:1    | Received a gift from Nemelex Xobeh
 26377 | Orc:1    | Found a roughly hewn altar of Beogh.
 26741 | Orc:1    | Found a roughly hewn altar of Beogh.
 27173 | Orc:2    | Entered Level 2 of the Orcish Mines
 27173 | Orc:2    | Found a staircase to the Elven Halls.
 27229 | Orc:2    | Noticed Rupert
 27236 | Orc:2    | Killed Rupert
 27252 | Orc:2    | Received a gift from Nemelex Xobeh
 27417 | Orc:2    | Gained mutation: You are dopey. (Int -2) [a neqoxec]
 27838 | Orc:2    | Found Miriuj's Gadget Emporium.
 27859 | Orc:2    | Found a radiant altar of Vehumet.
 27876 | Orc:2    | Reached skill level 18 in Fighting
 27888 | Orc:2    | Found Vodaerei's Magic Scroll Shoppe.
 27904 | Orc:2    | Found an ancient bone altar of Kikubaaqudgha.
 27936 | Orc:2    | Found Taniboa's Antique Armour Shoppe.
 27953 | Orc:2    | Bought a pair of distressingly furry gloves for 313 gold
                  | pieces
 27963 | Orc:2    | Identified the +2 pair of gloves of Narcissism {+Fly rC+
                  | Stlth-} (You bought it in a shop on level 2 of the Orcish
                  | Mines)
 28093 | Orc:2    | Found a roughly hewn altar of Beogh.
 28305 | Orc:2    | Found Puruy's Gadget Emporium.
 28748 | D:14     | Noticed a fire giant
 28779 | D:14     | Killed a fire giant
 28780 | D:14     | Reached skill level 15 in Unarmed Combat
 29439 | D:14     | Received a gift from Nemelex Xobeh
 29627 | D:14     | Found a gate to the Vaults.
 29661 | D:14     | Reached XP level 16. HP: 130/157 MP: 15/25
 29667 | D:14     | Received a gift from Nemelex Xobeh
 29992 | D:14     | Identified the +5 flail "Fodiogun" {vorpal, rN+}
 30202 | D:14     | Identified the +7 mace "Wept" {venom, +Fly rF- Int+4}
 30372 | D:14     | Identified the Handbook of Sinister Magic and Attacks
 30587 | D:14     | Got a polished chain mail
 30598 | D:14     | Identified the +0 chain mail "Dujieriop" {Str+4} (You found
                  | it on level 14 of the Dungeon)
 30780 | D:15     | Entered Level 15 of the Dungeon
 30890 | D:15     | Received a gift from Nemelex Xobeh
 30951 | D:15     | Found Hiaruq's Distillery.
 30958 | D:15     | Bought a potion of invisibility for 120 gold pieces
 30958 | D:15     | Bought a potion of magic for 120 gold pieces
 31137 | D:15     | Found a shadowy altar of Dithmenos.
 31280 | D:15     | Found a staircase to the Depths.
 31673 | Shoals:1 | Entered Level 1 of the Shoals
 31951 | Shoals:1 | Received a gift from Nemelex Xobeh
 33343 | Shoals:2 | Received a gift from Nemelex Xobeh
 34204 | Shoals:3 | Received a gift from Nemelex Xobeh
 34283 | Shoals:3 | Noticed Nikola
 34295 | Shoals:3 | Noticed Nikola
 34295 | Shoals:3 | Nikola changed into Nikola the shadow dragon
 34299 | Shoals:3 | Noticed Nikola
 34299 | Shoals:3 | Nikola the shadow dragon changed into Nikola the storm
                  | dragon
 34306 | Shoals:3 | Killed Nikola the storm dragon
 34559 | Shoals:3 | Found a frozen archway.
 34564 | Shoals:3 | Noticed Ilsuiw
 34626 | Shoals:3 | Killed Ilsuiw
 34699 | IceCv    | Entered an ice cave
 35157 | IceCv    | Reached XP level 17. HP: 150/163 MP: 26/26
 35712 | Shoals:3 | Found a radiant altar of Vehumet.
 36058 | Shoals:3 | Received a gift from Nemelex Xobeh
 36303 | Shoals:3 | Noticed a kraken
 36312 | Shoals:3 | Killed a kraken
 36351 | Shoals:4 | Entered Level 4 of the Shoals
 36966 | Shoals:3 | Reached skill level 15 in Dodging
 37340 | Shoals:4 | Reached skill level 15 in Shields
 38149 | Spider:1 | Entered Level 1 of the Spider Nest
 38149 | Spider:1 | Received a gift from Nemelex Xobeh
 38149 | Spider:1 | Noticed Azrael
 38607 | Spider:1 | Reached skill level 15 in Invocations
 38611 | Spider:1 | Killed Azrael
 39011 | Spider:1 | Noticed Jorgrun
 39033 | Spider:1 | Killed Jorgrun
 39462 | Spider:1 | Received a gift from Nemelex Xobeh
 40313 | Spider:1 | Upgraded the game from 0.26-a0-1164-g1a551d6a14 to
                  | 0.26-a0-1184-g95e395e029
 40387 | Spider:2 | Paralysed by a hornet for 3 turns
 40728 | Spider:2 | Identified Roxanne's Reference Book on Stones
 40728 | Spider:2 | Noticed Roxanne
 40767 | Spider:2 | Killed Roxanne
 42375 | Spider:2 | Received a gift from Nemelex Xobeh
 42597 | Spider:3 | Noticed Arachne
 42611 | Spider:3 | Killed Arachne
 42612 | Spider:3 | Reached XP level 18. HP: 168/172 MP: 28/28
 43230 | Spider:3 | Received a gift from Nemelex Xobeh
 43596 | Spider:4 | Entered Level 4 of the Spider Nest
 45124 | Spider:4 | Got a translucent ring mail
 45125 | Spider:4 | Identified the +5 ring mail "Arghenirott" {Dex+4 Slay+2}
                  | (You found it on level 4 of the Spider Nest)
 47144 | Spider:4 | Got a gossamer rune of Zot
 47582 | Shoals:4 | Got a barnacled rune of Zot
 47586 | Shoals:4 | Received a gift from Nemelex Xobeh
 48426 | Shoals:4 | Noticed Polyphemus
 48630 | Shoals:4 | Killed Polyphemus
 49179 | Vaults:1 | Entered Level 1 of the Vaults
 49329 | Elf:1    | Entered Level 1 of the Elven Halls
 49362 | Elf:1    | Found Laqatod's Antique Weapon Shoppe.
 49712 | Elf:1    | Found Seofanoh's General Store.
 49762 | Elf:1    | Found Uzxuax's Antique Weapon Shoppe.
 49787 | Elf:1    | Received a gift from Nemelex Xobeh
 49848 | Elf:1    | Reached XP level 19. HP: 169/179 MP: 30/30
 50336 | Elf:1    | Received a gift from Nemelex Xobeh
 50352 | Elf:1    | Found Vechimen's Gadget Shop.
 50622 | Elf:2    | Got a pair of fine gloves
 50623 | Elf:2    | Identified the +1 pair of gloves "Buataope" {rF+ rC+} (You
                  | found it on level 2 of the Elven Halls)
 50695 | Elf:2    | Received a gift from Nemelex Xobeh
 50781 | Elf:2    | Found a huge runed translucent gate.
 50781 | Elf:2    | Found a huge runed translucent gate.
 50781 | Elf:2    | Found a huge runed translucent gate.
 50781 | Elf:2    | Found a huge runed translucent gate.
 50781 | Elf:2    | Found a huge runed translucent gate.
 51058 | Elf:2    | Received a gift from Nemelex Xobeh
 51775 | Elf:3    | Entered Level 3 of the Elven Halls
 51930 | Elf:3    | Received a gift from Nemelex Xobeh
 52769 | Elf:3    | Received a gift from Nemelex Xobeh
 52828 | Elf:3    | Reached skill level 15 in Armour
 53182 | Elf:3    | Noticed a Tzitzimitl
 53199 | Elf:3    | Noticed a Tzitzimitl
 53525 | Elf:3    | Reached XP level 20. HP: 160/187 MP: 31/31
 54033 | Elf:3    | Identified the Catalogue of Execration and the Snowflakes
 54406 | Vaults:1 | Found Xeggulen's Magic Scroll Emporium.
 54433 | Vaults:1 | Bought a scroll of acquirement for 676 gold pieces
 54433 | Vaults:1 | Bought a scroll of acquirement for 676 gold pieces
 54433 | Vaults:1 | Acquired 385 gold pieces
 54486 | Vaults:1 | Noticed Asterion
 54511 | Vaults:1 | Killed Asterion
 55021 | Vaults:1 | Acquired the +0 hand crossbow of Youthful Indiscretion
                  | {penet, rF+ rC+ Will+}
 55267 | Vaults:1 | Received a gift from Nemelex Xobeh
 55537 | Vaults:1 | Reached skill level 19 in Fighting
 55701 | Vaults:1 | Found Gify's Antique Weapon Shop.
 56285 | Vaults:1 | Received a gift from Nemelex Xobeh
 56301 | Vaults:1 | Found Pistomem's Weapon Shoppe.
 56355 | Vaults:1 | Found Huelou Qear's Gadget Emporium.
 56419 | Vaults:1 | Found Qaulast's Assorted Antiques.
 56427 | Vaults:1 | Bought a scroll of immolation for 98 gold pieces
 56427 | Vaults:1 | Bought a scroll of teleportation for 84 gold pieces
 56427 | Vaults:1 | Bought a scroll of magic mapping for 98 gold pieces
 56427 | Vaults:1 | Bought a scroll of teleportation for 84 gold pieces
 56834 | Vaults:2 | Received a gift from Nemelex Xobeh
 56999 | Vaults:2 | Found a staircase to the Crypt.
 57179 | Vaults:2 | Noticed Saint Roka
 57183 | Vaults:2 | Killed Saint Roka
 57226 | Vaults:2 | Reached XP level 21. HP: 156/199 MP: 33/33
 57444 | Vaults:2 | Found Jainaerr's Antique Armour Boutique.
 57587 | Vaults:2 | Received a gift from Nemelex Xobeh
 58102 | Vaults:3 | Reached skill level 20 in Fighting
 58594 | Vaults:3 | Received a gift from Nemelex Xobeh
 58646 | Vaults:3 | Received a gift from Nemelex Xobeh
 59496 | Vaults:3 | Received a gift from Nemelex Xobeh
 59615 | Vaults:4 | Noticed Mara
 59785 | Vaults:4 | Noticed pkoi's illusion
 59791 | Vaults:4 | Identified the +1 trident of Defenestration {drain, *Rage
                  | rC+ Int+6 Dex+3}
 59802 | Vaults:4 | Killed Mara
 60478 | Vaults:4 | Reached skill level 21 in Fighting
 61013 | Vaults:4 | Reached XP level 22. HP: 212/213 MP: 34/34
 61407 | Vaults:4 | Got an ebony triple sword
 61408 | Vaults:4 | Identified the +5 triple sword of Ru's Respect {drain,
                  | +Blink +Fly Str+7 Int+3} (You found it on level 4 of the
                  | Vaults)
 61477 | Vaults:5 | Entered Level 5 of the Vaults
 63163 | Vaults:5 | Identified the ring "Fimpien" {rElec rF+ AC+4 Dex+2}
 63172 | Vaults:5 | HP: 5/214 [frost giant/bolt of cold (10)]
 63174 | Vaults:4 | HP: 2/214 [titan (4)]
 63175 | Vaults:4 | Killed from afar by a titan

Illustrated notes

Levels and vault maps discovered:
D:1:      roderic_crop_circles_arrival_small, layout_basic,
          nemelex_diamond_rough_becter
D:2:      layout_basic, nicolae_gozag_cash_rules_everything_around_me,
          chequers_serial_rivers_small_b, kennysheep_big_empty_room,
          uniq_terence
D:3:      layout_loops_corners
D:4:      layout_loops_ring, marbit_many_paths, nicolae_overflow_hidden_temple,
          serial_glass, glass_columns_a, glass_columns_a, uniq_sigmund
D:5:      layout_rooms, minmay_temple_entry_trees, chequers_ossuary_entry_cave,
          serial_shops, nicolae_shop_statue_plus, corner_web_ring
D:6:      layout_gridville, serial_shops, kennysheep_little_box, basic_altar
D:7:      layout_loops_cross, nzn_hepliaklqana_mist_gate, serial_shops,
          nicolae_shop_overgrown_old_shop, uniq_menkaure
D:8:      layout_loops_ring, kennysheep_mini, nicolae_overflow_crystal_walls,
          minivault_21
D:9:      layout_roguey, overflow_temple_1_default,
          gammafunk_temple_overflow_pools, enter_bailey_2, serial_ice,
          serial_ice_h, serial_ice_i, serial_ice_d, serial_ice_f, serial_ice_n,
          serial_ice_o, nicolae_looking_at_the_future
D:10:     layout_cave_pools, ebering_ghost_funeral_grove, nrook_mini_backslash,
          uniq_nergalle, uniq_maggie, uniq_josephine, uniq_joseph
D:11:     kennysheep_town
D:12:     layout_loops_cross, enter_trove_5
D:13:     layout_basic, ebering_ghost_inner_flame, serial_shops, shop, shop,
          shop, shop, uniq_kirke
D:14:     minmay_tearing_corner, layout_basic,
          lightli_vaults_fourway_checkpoint, infiniplex_staircase_hallway_doors,
          lemuel_flamethrower_1
D:15:     grunt_enter_depths_magical_seal, layout_cave_pools,
          grunt_dithmenos_smoke, serial_shops, nicolae_shop_trees
Temple:   nicolae_temple_figure_zero
Lair:1:   dragon1_lemuel, layout_chaotic_city, chequers_serial_rivers_large_a,
          uniq_erica
Lair:2:   layout_regular_city, nicolae_spider_entry_non_spiders, serial_rivers,
          chequers_serial_rivers_micro_c, chequers_serial_rivers_room_a,
          chequers_serial_rivers_small_a, chequers_serial_rivers_large_b,
          hangedman_lair_generics_rect, infiniplex_staircase_pool_2
Lair:3:   layout_small_grid, special_room, ldierk_geyser
Lair:4:   nzn_winding_woodlands_three_and_one
          [nzn_winding_woodlands_5x15_crooked,
          nzn_winding_woodlands_5x15_garden, nzn_winding_woodlands_5x15_pool,
          nzn_winding_woodlands_center_lodge], layout_small_grid,
          elwin_shoals_entry_stream, uniq_sonja
Lair:5:   layout_gridlike, minmay_slime_entry_pillars, gammafunk_lair_bear_cave
Lair:6:   cheibrodos_lair_end_hotspot, layout_regular_city
Shoals:1: layout_shoals, nzn_prometheus_bound
Shoals:2: layout_shoals
Shoals:3: layout_shoals, portal_ice_cave_entry_ugly_swarm, lemuel_centaur_altar,
          uniq_nikola, uniq_ilsuiw
Shoals:4: shoals_end_simple, layout_shoals, nicolae_shoals_this_corrosion,
          uniq_polyphemus
Spider:1: layout_chambers, drop_trap, uniq_jorgrun, uniq_azrael
Spider:2: layout_spider_delve, hive_lemuel, uniq_roxanne
Spider:3: layout_spider_delve, drop_trap, hangedman_spider_tarantella_strand,
          uniq_arachne
Spider:4: spider_rune_water, nicolae_arachne_temple
Orc:1:    minmay_goldmine, layout_diamond_mine, basic_altar, serial_shops, shop,
          minmay_orc_temple_a, uniq_gastronok
Orc:2:    kennysheep_orc_mage_school, layout_diamond_mine, minmay_orc_keep,
          uniq_rupert
Elf:1:    eino_elf_arrival_shootout, layout_loops_cross, serial_shops, shop,
          nicolae_shop_stone, shop, shop, hangedman_elf_represent
Elf:2:    layout_rooms, minmay_misc_feat_rows
Elf:3:    elf_hall_gauntlet_wide, layout_gridlike, serial_corexii_hall,
          corexii_hall_statues_x, corexii_hall_statues_t, minivault_27
Vaults:1: nicolae_vaults_puzzle_piece, vaults_room_hallway,
          nicolae_vaults_lopsided_apartments, vaults_room_corners,
          nicolae_vaults_alarming, ontoclasm_vaults_fault,
          nicolae_vaults_network_barrier, v_rooms_3, layout_vaults_ring,
          serial_shops, shop, shop, shop, shop, nicolae_shop_trees,
          uniq_asterion
Vaults:2: v_misc_22, v_alt_pattern_2, v_misc_15, nicolae_vaults_network_square,
          minmay_crypt_entry_simple_box, hangedman_vaults_locks, v_misc_19,
          nicolae_vaults_circle_grid_b, vaults_dpeg_hooks, v_pattern_1,
          layout_vaults_omnicross, serial_shops, shop, uniq_saint_roka
Vaults:3: v_misc_16, v_misc_11, ontoclasm_vaults_ring_large,
          hangedman_vaults_cutoff, ontoclasm_vaults_hangar,
          vaults_mumra_minichess, grunt_vaults_twisty,
          nicolae_vaults_mini_display_case, layout_vaults_quadrants
Vaults:4: nicolae_vaults_puzzle_piece, ontoclasm_vaults_shuriken, v_misc_16,
          ontoclasm_vaults_spin, nicolae_vaults_stairing_the_circle,
          nicolae_vaults_inception_corners, v_rooms_5,
          nicolae_vaults_sealed_display, nicolae_vaults_diagonal_hallway_6,
          layout_vaults_maze_snakey, uniq_mara
Vaults:5: serial_shops

Skill      XL: |  1  2  3  4  5  6  7  8  9 10 11 12 13 14 15 16 17 18 19 20 21 22 |
---------------+-------------------------------------------------------------------+-----
Unarmed Combat | 4 5 6 7 8 9 10 11 12 13 14 15 16 17 18 19 20 | 20.7
Invocations    | 1 2 3 4 5 6 7 8 9 10 11 12 13 14 15 16 17 18 19 | 19.0
Armour         | 1 3 5 7 8 9 10 11 12 13 15 16 17 18 | 18.0
Fighting       | 5 6 8 9 10 12 15 17 18 19 21 | 21.7
Dodging        | 4 6 7 8 9 11 14 16 | 16.0
Shields        | 2 5 7 10 12 13 14 15 17 18 19 20 | 20.4
Stealth        | |  1.5

Action                   |  1- 3 |  4- 6 |  7- 9 | 10-12 | 13-15 | 16-18 | 19-21 | 22-24 || total
-------------------------+-------+-------+-------+-------+-------+-------+-------+-------++-------
Melee: Unarmed           |    89 |    95 |   324 |   616 |  1105 |  1555 |  1552 |   208 ||  5544
       Headbutt          |    18 |    19 |    78 |   173 |   398 |   497 |   553 |    95 ||  1831
       Punch             |     1 |     5 |    10 |    10 |       |       |       |       ||    26
Throw: Dart              |       |       |       |    23 |       |    65 |       |       ||    88
Invok: Draw Destruction  |     1 |     7 |     7 |    24 |    64 |    47 |    35 |    18 ||   203
       Draw Summoning    |       |     1 |     2 |     9 |    14 |    15 |     3 |       ||    44
       Draw Escape       |       |       |       |     4 |       |     5 |     9 |     1 ||    19
Evoke: Wand              |       |       |       |       |       |       |       |     1 ||     1
  Use: Scroll            |     3 |     8 |     6 |     6 |     3 |     7 |     5 |     3 ||    41
       Potion            |       |     4 |     3 |     1 |       |     2 |       |       ||    10
 Stab: Sleeping          |       |     2 |       |       |       |       |     2 |     1 ||     5
       Distracted        |       |       |       |     2 |       |     4 |     1 |       ||     7
       Petrifying        |       |       |       |       |     2 |     1 |       |       ||     3
       Petrified         |       |       |       |       |       |       |     1 |       ||     1
Armor: Robe              |     1 |       |       |       |       |       |       |       ||     1
       Ring mail         |    39 |    23 |       |       |       |   199 |   137 |   100 ||   498
       Chain mail        |       |     5 |   131 |   198 |   224 |   137 |       |       ||   695
       Gold dragon scale |       |       |       |       |       |   117 |       |       ||   117
Dodge: Dodged            |    40 |    46 |   136 |   285 |   294 |   811 |   483 |   231 ||  2326
Block: Other             |       |       |     9 |    46 |       |       |       |       ||    55
       Kite shield       |       |       |       |   375 |   854 |   389 |   958 |   295 ||  2871
       Reflection        |       |       |       |    32 |    56 |    79 |   159 |    15 ||   341
       Buckler           |       |       |       |       |       |   418 |       |       ||   418
       Tower shield      |       |       |       |       |       |   976 |   439 |       ||  1415

Table legend: (Time is in decaauts)
 A = Elapsed time spent in this place.
 B = Non-inter-level travel time spent in this place.
 C = Inter-level travel time spent in this place.
 D = Time resting spent in this place.
 E = Time spent auto-exploring this place.
 F = Levels seen in this place.
 G = Mean time per level.
                   A        B        C        D        E       F      G
               +--------+--------+--------+--------+--------+-----+--------+
         Total |  62415 |  58399 |   4016 |  14938 |  31243 |  43 | 1451.5 |
       Dungeon |  19372 |  17741 |   1631 |   3323 |  11091 |  15 | 1291.5 |
        Temple |    117 |    107 |     10 |      0 |    107 |   1 |  117.0 |
          Lair |   9336 |   8738 |    598 |   1785 |   5579 |   6 | 1556.0 |
        Shoals |   7493 |   6925 |    568 |   2704 |   2580 |   4 | 1873.2 |
   Spider Nest |   7760 |   7310 |    450 |   2556 |   3129 |   4 | 1940.0 |
  Orcish Mines |   2750 |   2453 |    297 |    286 |   1634 |   2 | 1375.0 |
   Elven Halls |   4633 |   4403 |    230 |    774 |   2310 |   3 | 1544.3 |
        Vaults |   8418 |   8189 |    229 |   2254 |   4120 |   5 | 1683.6 |
       Ossuary |   1165 |   1165 |      0 |    438 |    517 |   1 | 1165.0 |
        Bailey |    497 |    497 |      0 |    214 |    157 |   1 |  497.0 |
      Ice Cave |    870 |    870 |      0 |    602 |     17 |   1 |  870.0 |
               +--------+--------+--------+--------+--------+-----+--------+

Top non-repeatable levels by time:
    D:11: 3342 daAuts
Vaults:4: 3021 daAuts
Spider:3: 2590 daAuts
Shoals:4: 2499 daAuts
    D:14: 2384 daAuts
  Lair:6: 2347 daAuts
   Elf:3: 2155 daAuts
Spider:1: 2100 daAuts
Spider:4: 2059 daAuts
Vaults:1: 2049 daAuts
  Lair:2: 1938 daAuts
Vaults:3: 1902 daAuts
Shoals:3: 1820 daAuts
Shoals:2: 1759 daAuts
     D:9: 1752 daAuts
